Map: Rainfall LE

Players

Nastro - Winner!

  • Race: Zerg Zerg
  • League: Diamond

VOD

Have the link to the VOD?

Description

Time

  • Played on: Aug. 3, 2026, 2:15 p.m.
  • Length: 6:07
Show
View Real Time Build Order
Export as new Build Order

Nastro Zerg - Winner!

Build Orders: Hatch First 

Get SALT Encoding   

  8  0:02  Drone  
  8  0:13  Drone  
  8  0:22  Drone  
  8  0:25  Drone  
  8  0:33  Overlord  
  8  0:41  Extractor, Drone  
  8  0:53  Drone x2  
  8  1:15  Hatchery  
  8  1:19  Drone  
  8  1:20  Drone  
  8  1:33  Extractor  
  8  1:37  Spawning Pool  
  8  1:41  Drone  
  8  1:45  Drone  
  8  1:47  Drone  
  8  1:53  Drone  
  8  2:02  Drone  
  8  2:11  Overlord  
  8  2:28  Zergling x4  
  8  2:30  Queen  
  8  2:33  Queen  
  8  2:39  Metabolic Boost  
  8  2:45  Drone  
  8  2:46  Drone  
  8  2:50  Drone  
  8  2:54  Drone  
  8  2:57  Drone  
  8  3:16  Hatchery  
  8  3:23  Drone x3  
  8  3:28  Baneling Nest  
  8  3:32  Overlord  
  8  3:38  Drone  
  8  3:51  Drone  
  8  3:52  Drone  
  8  3:56  Zergling x2  
  8  3:57  Zergling x6  
  8  4:04  Overlord  
  8  4:05  Zergling x2  
  8  4:12  Baneling x4  
  8  4:13  Zergling x2  
  8  4:25  Overlord, Drone  
  8  4:26  Drone x4  
  8  4:46  Drone x5  
  8  4:47  Queen  
  8  5:00  Evolution Chamber  
  8  5:01  Evolution Chamber, Drone x7  
  8  5:02  Roach Warren, Extractor  
  8  5:04  Extractor  
  8  5:51  Drone  
  8  5:52  Drone x5  
Tags
 
Add a new tag
Caveats
  • Supply blocks, unpowered buildings, or Contaminate may cause inaccurate times.
  • Supply counts are checked every 10 seconds.